Map: New Repugnancy LE

Players

Zeiis - Winner!

  • Race: Zerg Zerg
  • League: Platinum
  • Spawn Location: 7:00

TiPtOP

  • Race: Terran Terran
  • League: Silver
  • Spawn Location: 1:00

VOD

Have the link to the VOD?

Description

Time

  • Played on: Aug. 18, 2019, 11:23 p.m.
  • Length: 13:21
Show
View Real Time Build Order
Export as new Build Order

Zeiis Zerg - Winner!

Build Orders: Hatch First, Swarm Host 

Get SALT Encoding   

  12  0:01  Drone  
  13  0:12  Overlord  
  13  0:16  Drone  
  14  0:30  Drone x2  
  16  0:48  Hatchery  
  15  0:51  Drone  
  15  0:55  Drone  
  17  0:58  Drone  
  18  1:05  Extractor  
  17  1:14  Spawning Pool  
  16  1:21  Drone x2  
  18  1:28  Drone  
  19  1:39  Drone  
  20  1:49  Drone  
  21  2:00  Drone  
  22  2:03  Queen x2  
  22  2:04  Overlord  
  26  2:16  Zergling x2, Drone  
  26  2:18  Metabolic Boost  
  28  2:25  Drone x2  
  30  2:34  Hatchery  
  29  2:40  Drone  
  30  2:46  Queen  
  30  2:51  Queen  
  32  2:54  Drone  
  32  2:56  Drone  
  36  3:00  Overlord  
  36  3:14  Overlord  
  36  3:21  Drone x2  
  36  3:22  Queen  
  36  3:26  Queen  
  40  3:27  Overlord  
  40  3:30  Drone x2  
  44  3:36  Drone x2  
  44  3:38  Drone  
  47  3:48  Drone x2  
  47  3:52  Drone  
  47  3:53  Extractor  
  49  3:56  Drone x3  
  49  3:57  Drone x2, Extractor  
  49  3:58  Queen  
  55  4:05  Lair  
  55  4:11  Drone  
  55  4:15  Drone x4  
  60  4:20  Drone x2  
  62  4:26  Evolution Chamber x2  
  62  4:27  Drone x2  
  62  4:29  Baneling Nest  
  61  4:34  Overlord  
  61  4:35  Overlord  
  61  4:36  Drone  
  62  4:41  Drone  
  62  4:42  Drone x3  
  66  4:46  Extractor  
  66  4:51  Drone  
  66  4:52  Overlord  
  66  4:53  Overlord  
  66  5:00  Zerg Ground Armor Level 1, Zerg Melee Weapons Level 1  
  66  5:02  Drone x2  
  66  5:03  Drone  
  66  5:06  Drone x2  
  71  5:16  Centrifical Hooks  
  71  5:20  Drone  
  71  5:21  Drone  
  73  5:22  Infestation Pit, Drone x5  
  73  5:26  Overlord  
  73  5:28  Overlord  
  77  5:29  Drone x2  
  77  5:30  Drone  
  80  5:39  Zergling x6  
  83  5:45  Extractor  
  83  5:46  Overlord  
  83  5:47  Zergling x12  
  83  5:48  Extractor  
  87  5:57  Zergling x4  
  87  5:58  Zergling x8  
  87  6:00  Nydus Network  
  87  6:03  Drone x2  
  94  6:15  Swarm Host  
  94  6:16  Swarm Host x5  
  112  6:18  Overlord x2  
  112  6:19  Overlord  
  112  6:24  Drone x4  
  116  6:34  Pneumatized Carapace  
  116  6:38  Nydus Canal  
  115  6:41  Zergling x6  
  118  6:50  Swarm Host x3  
  118  6:51  Swarm Host x2  
  118  6:52  Nydus Canal  
  133  7:03  Swarm Host x2  
  139  7:16  Swarm Host x2  
  145  7:24  Drone  
  145  7:25  Overlord x2  
  145  7:26  Overlord  
  146  7:31  Overlord x3  
  146  7:36  Zerg Ground Armor Level 2, Hatchery, Zerg Melee Weapons Level 2, Extractor  
  144  7:37  Zergling x2  
  144  7:38  Zergling x2  
  144  7:40  Extractor  
  145  7:50  Nydus Canal  
  145  7:56  Zergling x18  
  145  7:57  Zergling x4  
  156  8:12  Zergling x4  
  158  8:13  Zergling x8  
  158  8:15  Baneling x6  
  158  8:16  Overlord x3, Baneling x16  
  158  8:17  Zergling x4  
  164  8:25  Swarm Host x3  
  164  8:26  Overlord  
  173  8:44  Drone x8  
  173  8:45  Drone  
  182  8:52  Hatchery  
  182  8:54  Nydus Canal  
  181  8:56  Hatchery  
  180  9:08  Hive  
  180  9:10  Spire  
  179  9:24  Burrow  
  179  9:37  Hatchery  
  178  9:43  Zergling x2  
  178  9:44  Zergling x26  
  178  9:45  Overlord x3  
  192  10:01  Nydus Canal  
  192  10:10  Drone x2  
  192  10:13  Hydralisk Den  
  193  10:24  Nydus Canal  
  188  10:39  Zergling x30  
  188  10:40  Zergling x14  
  188  10:42  Zerg Melee Weapons Level 3, Zerg Ground Armor Level 3, Adrenal Glands  
  194  10:47  Nydus Canal  
  184  11:03  Zergling x2  
  184  11:04  Zergling x8  
  187  11:06  Nydus Canal  
  189  11:23  Zergling x6  
  189  11:24  Zergling x4  
  188  11:33  Overlord  
  188  11:38  Nydus Canal  
  188  11:52  Nydus Canal  
  188  12:06  Zergling x2  
  188  12:07  Zergling x10  
  184  12:18  Zergling x2  
  184  12:19  Zergling x20  
  184  12:29  Nydus Canal  
  172  12:37  Zergling x8  
  171  12:45  Zergling x4  
  171  12:46  Zergling x4  
  170  12:58  Zergling x6  
  171  13:00  Baneling x6  
  171  13:01  Baneling x30  
  171  13:02  Zergling x2, Baneling x2  
  171  13:03  Zergling x12  
Show
View Real Time Build Order
Export as new Build Order

TiPtOP Terran 

Build Orders: 2 Factory, Mech 

Get SALT Encoding   

  12  0:01  SCV  
  13  0:13  SCV  
  14  0:19  Supply Depot  
  14  0:26  SCV  
  15  0:41  SCV  
  16  0:44  Barracks  
  16  0:53  SCV  
  16  0:54  Supply Depot  
  17  0:59  Refinery  
  17  1:06  SCV  
  18  1:22  SCV  
  19  1:32  Marine  
  20  1:42  Bunker  
  20  1:48  Orbital Command  
  20  2:08  Factory  
  20  2:15  Command Center  
  20  2:18  SCV  
  21  2:27  Refinery  
  21  2:30  SCV  
  22  2:42  Barracks Tech Lab  
  22  2:45  SCV  
  23  2:57  SCV  
  24  3:00  Factory  
  24  3:09  SCV  
  24  3:12  Engineering Bay  
  25  3:16  Siege Tank  
  28  3:22  SCV  
  29  3:32  Supply Depot  
  29  3:33  Orbital Command  
  29  3:45  SCV  
  30  3:49  Siege Tank  
  33  3:58  SCV  
  33  4:02  SCV  
  35  4:10  SCV  
  35  4:13  Missile Turret  
  35  4:16  Armory  
  36  4:20  Missile Turret  
  36  4:23  Missile Turret  
  36  4:25  SCV x2  
  36  4:27  Refinery  
  38  4:37  SCV x2  
  40  4:41  Command Center  
  40  4:42  Factory Reactor  
  40  4:49  SCV  
  40  4:51  SCV  
  42  4:59  Siege Tank  
  45  5:01  Missile Turret, SCV  
  46  5:11  SCV  
  46  5:13  SCV  
  48  5:21  Factory  
  48  5:23  SCV  
  48  5:25  SCV  
  48  5:27  Refinery  
  50  5:31  Hellion  
  52  5:40  Supply Depot  
  52  5:52  Hellion  
  52  5:53  Supply Depot  
  52  5:55  SCV x2  
  57  6:04  Supply Depot  
  56  6:06  Command Center  
  56  6:07  SCV  
  56  6:08  Factory Tech Lab  
  57  6:13  Siege Tank  
  57  6:15  Supply Depot  
  60  6:21  Hellion x2  
  64  6:29  Thor  
  70  6:36  Terran Vehicle Weapons Level 1  
  70  6:45  Thor  
  76  6:47  Orbital Command  
  76  6:55  Missile Turret  
  76  7:01  SCV x2  
  74  7:12  Thor  
  74  7:13  SCV  
  76  7:28  Thor  
  82  7:37  SCV x3  
  85  7:48  Hellion x2  
  85  7:49  Infernal Pre-Igniter  
  89  7:55  Thor  
  94  8:11  Thor  
  100  8:16  SCV  
  101  8:20  Hellion x2  
  101  8:28  Supply Depot  
  101  8:29  Supply Depot  
  101  8:30  Supply Depot  
  101  8:31  Terran Vehicle And Ship Armor Level 1  
  101  8:32  Supply Depot  
  101  8:33  Supply Depot  
  101  8:38  SCV  
  100  8:49  Command Center  
  100  8:51  Thor, SCV  
  100  8:54  Thor  
  113  9:03  SCV  
  92  9:44  Hellbat x2  
  92  9:45  Hellbat x2  
  100  10:06  Hellion x3, Hellbat  
  108  10:27  Hellion, Thor x2  
  80  11:13  Hellion  
  77  11:20  Hellion x3  
  77  11:21  Hellion  
  85  11:42  Hellion  
Tags
 
Add a new tag
Caveats
  • Supply blocks, unpowered buildings, or Contaminate may cause inaccurate times.
  • Supply counts are checked every 10 seconds.